 Dungeon Crawl Stone Soup version 0.31.0-10-gcf4a605ca0 (webtiles) character file.

Game seed: 3030537696434500494

1035 benadryl the Firebug (level 8, -9/57 HPs)
             Began as a White Draconian Alchemist on Jan 25, 2024.
             Was a Follower of Vehumet.
             Mangled by an ogre
             ... wielding a +0 giant club
              (14 damage)
             ... on level 6 of the Dungeon.
             The game lasted 00:13:53 (5914 turns).

benadryl the Firebug (White Draconian Alchemist)    Turns: 5914, Time: 00:13:53

Health: -9/57      AC:  9    Str: 11    XL:     8   Next: 3%
Magic:  14/15      EV: 12    Int: 18    God:    Vehumet [*.....]
Gold:   347        SH:  0    Dex: 13    Spells: 14/16 levels left

rFire   . . .        k - staff of earth
rCold   + . .        (no shield)
rNeg    . . .        (body armour unavailable)
rPois   .            (helmet restricted)
rElec   .            q - +0 cloak "Ywiyruet" {Dex+2}
rCorr   +            (no gloves)
SInv    .            g - +1 pair of boots
Will    .....        (no amulet)
Stlth   +            e - ring of resist corrosion
HPRegen 0.29/turn    (no ring)
MPRegen 0.14/turn

%: no passive effects
@: confused, ambrosia-drunk
A: breathe frost, AC +6, unfitting armour, cold resistance 1, cold-blooded
a: Breathe Frost, Renounce Religion


You were on level 6 of the Dungeon.
You worshipped Vehumet.
Vehumet was aware of your devotion.
You visited 2 branches of the dungeon, and saw 7 of its levels.

You collected 347 gold pieces.

Inventory:

Hand Weapons
 c - a +0 dagger
 h - a +3 whip
Armour
 g - a +1 pair of boots (worn)
 q - the +0 cloak "Ywiyruet" (worn) {Dex+2}
   (You found it on level 5 of the Dungeon)

   Dex+2:     It affects your dexterity (+2).
Magical Staves
 k - a staff of earth (weapon)
Jewellery
 e - a ring of resist corrosion (left hand)
Wands
 r - a wand of roots (13)
Scrolls
 b - a scroll of blinking
 d - a scroll of teleportation
 f - a scroll of amnesia
 l - a scroll of immolation
 m - 3 scrolls of fog
 s - 2 scrolls of enchant armour
Potions
 a - 2 potions of magic
 i - a potion of might
 n - a potion of mutation {unknown}
 o - a potion of brilliance
 p - a potion of invisibility


   Skills:
 - Level 1.7 Dodging
 - Level 1.7 Stealth
 + Level 4.6 Spellcasting
 - Level 1.0 Conjurations
 - Level 5.4 Fire Magic
 * Level 1.8 Earth Magic
 - Level 5.0 Alchemy


You had 14 spell levels left.
You knew the following spells:

 Your Spells              Type           Power      Damage    Failure   Level
a - Sting                 Conj/Alch      60%        1d6       4%          1
b - Sandblast             Erth           32%        2d9       7%          1

Your spell library contained the following spells:

 Spells                   Type           Power      Damage    Failure   Level
 Mercury Vapours          Alch/Air       26%        N/A       8%          2
 Sticky Flame             Fire/Alch      22%        2d6       16%         4
 Mephitic Cloud           Conj/Alch/Air  11%        N/A       19%         3
 Olgreb's Toxic Radiance  Alch           22%        N/A       19%         4
 Fugue of the Fallen      Necr           4%         N/A       38%         3
 Ozocubu's Armour         Ice            4%         N/A       38%         3
 Manifold Assault         Tloc           4%         N/A       80%         4


Dungeon Overview and Level Annotations

Branches:
Dungeon (6/15)             Temple (1/1) D:4

Altars:
Ashenzari
Cheibriados
Dithmenos
Fedhas
Hepliaklqana
Kikubaaqudgha
Makhleb
Nemelex Xobeh
Qazlal
Ru
Sif Muna
Trog
Vehumet
Xom
Yredelemnul

Shops:
D:1 (


Innate Abilities, Weirdness & Mutations

You can breathe waves of freezing cold which knock back foes.
Your icy white scales are hard. (AC +6)
You cannot fit into any form of body armour.
Your flesh is cold resistant. (rC+)
You are cold-blooded and may be slowed by cold attacks.


Message History

An ogre comes into view. It is wielding a +0 giant club.
The ogre shouts!
There is an open door here.
Aiming: Sandblast (safe; 7% risk of failure)
Press: ? - help, Q - select action, (/) - cycle Shift-Dir - straight line, f - ogre
Aim: an ogre, wielding a +0 giant club (91% to hit)
You feel a surge of power!
The blast of sand misses the ogre.
The bullfrog croaks.
The ogre hits you with a +0 giant club!!
Casting: Sandblast (safe; 7% risk of failure)
Confirm with . or Enter, or press ? or * to list all spells.
Aiming: Sting (safe; 4% risk of failure)
Press: ? - help, Shift-Dir - straight line, f/p - ogre
Aim: an ogre, wielding a +0 giant club (88% to hit)
The sting hits the ogre.
The ogre is poisoned.
The ogre is lightly wounded.
The ogre barely misses you.
Aiming: Sandblast (safe; 7% risk of failure)
Press: ? - help, Q - select action, (/) - cycle Shift-Dir - straight line, f/p - ogre
Aim: an ogre, wielding a +0 giant club (lightly wounded, poisoned, 91% to hit)
You feel a surge of power!
The blast of sand hits the ogre!
The ogre is heavily wounded.
The ogre hits you with a +0 giant club!
Aiming: Sandblast (safe; 7% risk of failure)
Press: ? - help, Q - select action, (/) - cycle Shift-Dir - straight line, f/p - ogre
Aim: an ogre, wielding a +0 giant club (heavily wounded, poisoned, 91% to hit)
You feel a surge of power!
The blast of sand hits the ogre.
The ogre is heavily wounded.
The ogre hits you with a +0 giant club!
Aiming: Sandblast (safe; 7% risk of failure)
Press: ? - help, Q - select action, (/) - cycle Shift-Dir - straight line, f/p - ogre
Aim: an ogre, wielding a +0 giant club (heavily wounded, poisoned, 91% to hit)
You feel a surge of power!
The blast of sand hits the ogre!
The ogre is almost dead.
The ogre hits you with a +0 giant club!!
* * * LOW HITPOINT WARNING * * *
It was a potion of ambrosia.
You are confused.
You feel invigorated. The ogre hits you with a +0 giant club!
You die...

.....'......####+#######'#####[..
.#####.....## #.....###...
...........### ##...).##...
##..#......#.## ##.....#...
.#..#......#..## ##....#...
.#..#......'...## ##...'...
.#.<#......#....####+### ##..#...
##.##.##+#.#.....#.....# ##.#..#
.%.##....'.##...@#..$..# ###..#
#####...##.###...O./.).+ #..#
#####....#.####..#..?..# #..#
...##.#..#.#.###.#.....# #..#
...##.#..#.#..######+### ..#
...##.#..#.'...##
'####.#..#.#....##
.####.#..#.#.....##
......#..#.##.....##


You could see an ogre (poisoned).

Vanquished Creatures
  2 ogres
  A bullfrog (D:5)
  2 scorpions (D:5)
  A bombardier beetle (D:5)
  3 hounds
  A jelly (D:5)
  2 orc priests (D:5)
  A gnoll bouda (D:4)
  A sleepcap (D:6)
  2 iguanas
  4 orc wizards
  7 gnolls
  4 adders
  2 ufetubi (D:5)
  A dart slug (D:4)
  A ribbon worm (D:2)
  11 orcs
  4 ball pythons
  3 endoplasms
  3 giant cockroaches
  6 goblins
  11 hobgoblins
  9 jackals
  5 quokkas
  2 bats
  5 kobolds
  4 rats
98 creatures vanquished.

Vanquished Creatures (collateral kills)
  Blork the orc (D:4)
1 creature vanquished.

Vanquished Creatures (others)
  An orc priest (D:4)
  An orc wizard (D:4)
  An orc (D:4)
3 creatures vanquished.

Grand Total: 102 creatures vanquished

Notes
Turn   | Place    | Note
-------+----------+-------------------------------------------
     0 | D:1      | benadryl the Draconian Alchemist began the quest for the
                  | Orb.
     0 | D:1      | Reached XP level 1. HP: 14/14 MP: 3/3
   341 | D:1      | Reached XP level 2. HP: 20/20 MP: 2/5
   643 | D:1      | Found Pesod's Antique Weapon Emporium.
  1344 | D:2      | Reached XP level 3. HP: 23/26 MP: 7/7
  1367 | D:2      | Found a faded altar of an unknown god.
  2212 | D:3      | Found a bloodstained altar of Trog.
  2212 | D:3      | Found a sparkling altar of Nemelex Xobeh.
  2709 | D:4      | Noticed Blork the orc
  2746 | D:4      | Killed Blork the orc
  2747 | D:4      | Reached XP level 4. HP: 33/33 MP: 3/9
  2806 | D:4      | Found a staircase to the Ecumenical Temple.
  2819 | Temple   | Entered the Ecumenical Temple
  2826 | Temple   | Became a worshipper of Vehumet
  2891 | D:4      | Reached XP level 5. HP: 37/38 MP: 4/10
  3097 | D:4      | Identified the +0 dagger of the Vine {flame, Will- Dex+5}
  3113 | D:4      | Noticed an ogre
  3129 | D:4      | Killed an ogre
  3130 | D:4      | Reached skill level 5 in Alchemy
  3580 | D:4      | Reached XP level 6. HP: 28/45 MP: 8/12
  3697 | Temple   | Reached skill level 1 in Fire Magic
  4046 | D:5      | Entered Level 5 of the Dungeon
  4425 | D:5      | Your scales start taking on an icy white colour.
  4425 | D:5      | Reached XP level 7. HP: 23/50 MP: 13/13
  4425 | D:5      | Gained mutation: Your flesh is cold resistant. (rC+) [White
                  | Draconian growth]
  4707 | D:5      | Identified the +0 cloak "Ywiyruet" {Dex+2}
  5005 | D:5      | Reached skill level 5 in Fire Magic
  5037 | D:5      | Reached * piety under Vehumet
  5037 | D:5      | Offered knowledge of Sandblast by Vehumet.
  5085 | D:5      | Learned a level 1 spell: Sandblast
  5384 | D:6      | Reached skill level 1 in Earth Magic
  5445 | D:6      | Found a shimmering altar of Xom.
  5504 | D:6      | Reached XP level 8. HP: 39/57 MP: 14/14
  5913 | D:6      | HP: 1/57 [ogre/+0 giant club (21)]
  5914 | D:6      | Mangled by an ogre

Illustrated notes

Levels and vault maps discovered:
D:1:      nzn_arrival_water_spiral, layout_basic, serial_shops, shop
D:2:      layout_basic, nicolae_ecumenical_lake_church
D:3:      layout_loops_ring, amethyst_overflow_temple_binary
D:4:      layout_gridville, minmay_temple_entry_mist, nicolae_grassy_gnolls,
          uniq_blork_the_orc
D:5:      layout_basic, minmay_fractal_squares_diagonal_5
D:6:      layout_basic, general_overflow_altar, minmay_quadrilaterals
Temple:   nicolae_temple_no_exploring_needed

Skill      XL: |  1  2  3  4  5  6  7 |
---------------+----------------------+-----
Spellcasting   | 3 4 |  4.6
Alchemy        | 4 5 |  5.0
Fire Magic     | 3 5 |  5.4
Earth Magic    | 1 |  1.8
Dodging        | |  1.7
Stealth        | |  1.7
Conjurations   | |  1.0

Action                     |  1- 3 |  4- 6 |  7- 9 || total
---------------------------+-------+-------+-------++-------
  Melee: Unarmed           |     5 |       |       ||     5
         Dagger            |    48 |    14 |       ||    62
         Tailslap          |     4 |     4 |     7 ||    15
         Punch             |     1 |       |       ||     1
         Whip              |       |    24 |    61 ||    85
   Cast: Sting             |    86 |    69 |    42 ||   197
         Sandblast         |       |       |    26 ||    26
Ability: Breathe Frost     |       |       |     2 ||     2
  Evoke: Wand              |     2 |     2 |       ||     4
    Use: Scroll            |     6 |     1 |     6 ||    13
         Potion            |       |     3 |     3 ||     6
 Armour: Skin              |    44 |    49 |    70 ||   163
  Dodge: Dodged            |    56 |    50 |    67 ||   173
